 Dungeon Crawl Stone Soup version 0.19.1-1-g22dce08 (webtiles) character file.

95 theAP the Grave Robber (level 4, -6/31 HPs)
             Began as a Demonspawn Necromancer on Dec 30, 2016.
             Killed by divine providence
             ... invoked by an orc priest
              (13 damage)
             ... on level 3 of the Dungeon.
             The game lasted 00:08:52 (2056 turns).

theAP the Grave Robber (Demonspawn Necromancer)     Turns: 2056, Time: 00:08:53

Health: -6/31      AC:  5    Str:  8    XL:     4   Next: 40%
Magic:  5/7        EV: 10    Int: 17    God:
Gold:   140        SH:  0    Dex: 14    Spells: 1 memorised, 7 levels left

rFire  . . .     SeeInvis .     o - -3 flail (curse)
rCold  . . .     Gourm    .     p - +0 ring mail
rNeg   . . .     Faith    .     (no shield)
rPois  .         Spirit   .     (no helmet)
rElec  .         Reflect  .     (no cloak)
rCorr  .         Harm     .     (no gloves)
MR     .....                    (no boots)
Stlth  ++........               (no amulet)
                                (no ring)
                                m - ring of stealth

@: very slightly contaminated
A: hooves 1
a: no special abilities


You were on level 3 of the Dungeon.
You were not hungry.

You visited 1 branch of the dungeon, and saw 3 of its levels.

You collected 140 gold pieces.

Inventory:

Hand Weapons
 e - a +0 mace
 o - a cursed -3 flail (weapon)
Armour
 a - a +0 robe
 d - a +0 leather armour
 p - a +0 ring mail (worn)
Jewellery
 m - a ring of stealth (left hand)
Scrolls
 h - 2 scrolls of fear
 j - a scroll of identify
Potions
 g - 2 potions of heal wounds {unknown}
 i - a potion of brilliance {unknown}
 k - a potion of cancellation {unknown}
Books
 b - a book of Necromancy

   Spells                             Type                      Level
   a - Pain                           Necromancy                   1
   b - Animate Skeleton               Necromancy                   1
   c - Vampiric Draining              Necromancy                   3
   d - Regeneration                   Charms/Necromancy            3
   e - Animate Dead                   Necromancy                   4
   f - Control Undead                 Necromancy                   4
Comestibles
 c - a bread ration
 n - a beef jerky


   Skills:
 * Level 0.8 Fighting
 * Level 0.6 Maces & Flails
 + Level 0.6 Armour
 + Level 2.2 Dodging
 - Level 1.9 Stealth
 - Level 0.3 Unarmed Combat
 + Level 2.6 Spellcasting
 + Level 5.2 Necromancy


You had 7 spell levels left.
You knew the following spells:

 Your Spells              Type           Power        Failure   Level  Hunger
a - Pain                  Necr           ###.         10%         1    #......


Dungeon Overview and Level Annotations

Branches:
Dungeon (3/15)

Altars:


Innate Abilities, Weirdness & Mutations

You have large cloven feet.


Message History

The orc priest closely misses you.
You completely miss the orc priest. Your kick misses the orc priest.
The orc priest is severely wounded.
The orc priest hits you.
You closely miss the orc priest.
The orc priest is severely wounded.
The orc priest hits you. x2
* * * LOW HITPOINT WARNING * * *
You hit the orc priest.
The orc priest is almost dead.
The orc priest miscasts a cantrip.
Your ring mail prevents you from hitting the orc priest.
The orc priest is almost dead.
The orc priest hits you.
* * * LOW HITPOINT WARNING * * *
You hit the orc priest but do no damage.
The orc priest is almost dead.
The orc priest calls down the wrath of Beogh upon you.
Beogh smites you!
You die...

######### ### #### ........#
##.## #..o #######.#
##.#.#######.## # #.#
#.###o...o...# # #.####
##.#.######### # #....#
##.## ######## #
#.##.##########..# #.......
#
#.##.<...)@o..##.###.######
#######.###########..)...†.#
........# ####.#####
.######## #.# .# #.# .# #.#
.# #.# .# #.# .# ## #.#


You could see an orc priest.

Vanquished Creatures
  3 adders (D:2)
  An ooze (D:1)
  A worm (D:2)
  2 dart slugs
  2 leopard geckos
  7 orcs (D:3)
  3 bats
  2 giant cockroaches (D:1)
  7 goblins
  6 hobgoblins
  9 kobolds
  2 frilled lizards (D:2)
  4 rats
49 creatures vanquished.

Notes
Turn   | Place    | Note
-------+----------+-------------------------------------------
     0 | D:1      | theAP the Demonspawn Necromancer began the quest for the Orb.
     0 | D:1      | Reached XP level 1. HP: 13/13 MP: 3/3
   210 | D:1      | Gained mutation: You have large cloven feet. [demonic ancestry]
   210 | D:1      | Reached XP level 2. HP: 16/19 MP: 3/5
   794 | D:2      | Reached XP level 3. HP: 23/24 MP: 3/6
   866 | D:2      | Reached skill level 5 in Necromancy
  1502 | D:2      | Reached XP level 4. HP: 16/31 MP: 2/7
  2056 | D:3      | Killed from afar by an orc priest

Skill      XL: |  1  2  3 |
---------------+----------+-----
Dodging        | 2 |  2.2
Necromancy     | 5 |  5.2
Fighting       | |  0.8
Maces & Flails | |  0.6
Armour         | |  0.6
Stealth        | |  1.9
Unarmed Combat | |  0.3
Spellcasting   | |  2.6

Action                   |  1- 3 |  4- 6 || total
-------------------------+-------+-------++-------
Melee: Unarmed           |    32 |       ||    32
       Mace              |     8 |    20 ||    28
       Kick              |     5 |     4 ||     9
       Flail             |       |    17 ||    17
 Cast: Pain              |    52 |    20 ||    72
  Use: Scroll            |     1 |     3 ||     4
       Potion            |       |     3 ||     3
  Eat: Chunk             |     2 |     2 ||     4
Armor: Robe              |     2 |       ||     2
       Leather armour    |     3 |     4 ||     7
       Ring mail         |       |     2 ||     2
Dodge: Dodged            |    33 |    21 ||    54
